 Dungeon Crawl Stone Soup version 0.20.0-15-g7f486f2 (webtiles) character file.

58 Chiseanne the Magician (level 3, -1/26 HPs)
             Began as a Demonspawn Wizard on June 15, 2017.
             Slain by a centaur (5 damage)
             ... on level 4 of the Dungeon.
             The game lasted 00:03:46 (2374 turns).

Chiseanne the Magician (Demonspawn Wizard)          Turns: 2374, Time: 00:03:47

Health: -1/26      AC:  5    Str:  7    XL:     3   Next: 76%
Magic:  2/8        EV: 12    Int: 20    God:
Gold:   128        SH:  0    Dex: 11    Spells: 0/9 levels left

rFire    . . .     SeeInvis .   a - +2 short sword (venom)
rCold    . . .     Gourm    .   (no shield)
rNeg     . . .     Faith    +   g - +0 robe
rPois    .         Spirit   .   b - +0 hat
rElec    .         Reflect  .   (no cloak)
rCorr    .         Harm     .   (no gloves)
MR       .....                  o - +0 pair of boots
Stlth    ++........             n - amulet of faith
Regen    0.1/turn               (no ring)
MPRegen  0.2/turn               (no ring)

@: no status effects
A: yellow scales 1, spiny 1
a: no special abilities


You were on level 4 of the Dungeon.
You were hungry.

You visited 1 branch of the dungeon, and saw 4 of its levels.

You collected 128 gold pieces.

Inventory:

Hand Weapons
 a - a +2 short sword of venom (weapon)
 u - a +0 hunting sling
Missiles
 e - 89 stones
 j - 6 tomahawks (quivered)
 q - 20 arrows
 r - 27 bolts
 s - 16 sling bullets
Armour
 b - a +0 hat (worn)
 g - a +0 robe (worn)
 o - a +0 pair of boots (worn)
Magical Staves
 v - an uncursed staff of cold
Jewellery
 n - an amulet of faith (around neck)
Scrolls
 h - a scroll of remove curse
Potions
 i - 2 potions of flight
 k - a potion of brilliance {unknown}
 l - a potion of mutation {unknown}
 m - a potion of cancellation {unknown}
Comestibles
 d - 6 bread rations
 f - 4 fruits
 p - a meat ration


   Skills:
 - Level 1.0 Fighting
 - Level 1.7 Dodging
 - Level 1.7 Stealth
 * Level 3.6 Spellcasting
 * Level 2.6 Conjurations
   Level 1.0 Summonings
 - Level 0.8 Translocations


You couldn't memorise any spells.
You knew the following spells:

 Your Spells              Type           Power        Failure   Level  Hunger
a - Magic Dart            Conj           ##..         4%          1    None
b - Blink                 Tloc           N/A          14%         2    ##.....
c - Conjure Flame         Conj/Fire      #.......     24%         3    ###....
d - Mephitic Cloud        Conj/Pois/Air  #.......     28%         3    ###....


Dungeon Overview and Level Annotations

Branches:
Dungeon (4/15)
 Temple: D:4-7

Altars:


Innate Abilities, Weirdness & Mutations

You are partially covered in yellow scales. (AC +2)
You are partially covered in sharp spines.


Message History

There is a stone staircase leading down here.
You climb downwards.
A centaur comes into view.
There is a stone staircase leading up here.
The centaur wields a glowing shortbow.
It bursts into flame!
The centaur shoots an arrow.
The arrow hits you! The arrow burns you.
You see here an arrow.
The centaur unwields an uncursed shortbow of flaming.
It stops flaming.
The centaur barely misses you.
You hit the centaur.
The centaur is poisoned.
The centaur is lightly wounded.
The centaur is struck by your spines. The centaur hits you. x2
* * * LOW HITPOINT WARNING * * *
You hit the centaur but do no damage.
The centaur looks as sick as possible!
The centaur is moderately wounded.
The centaur is struck by your spines. The centaur barely misses you.
You hit the centaur but do no damage.
The centaur looks as sick as possible!
The centaur is moderately wounded.
The centaur hits you.
You die...

...........#
..........#
........># #
#........# ..
#........#
...#........#
.......c....#
.......@....#
...#..#(#...#
#...<....#
+..#.#...#
#........#
#........#
.........#
#.........#
#.........#


You could see a centaur.

Vanquished Creatures
  A worm (D:3)
  A dart slug (D:1)
  A leopard gecko (D:1)
  8 orcs (D:3)
  A ball python (D:1)
  3 giant cockroaches
  2 goblins
  8 hobgoblins
  3 jackals (D:3)
  6 frilled lizards
  3 kobolds
  4 rats
41 creatures vanquished.

Notes
Turn   | Place    | Note
-------+----------+-------------------------------------------
     0 | D:1      | Chiseanne the Demonspawn Wizard began the quest for the Orb.
     0 | D:1      | Reached XP level 1. HP: 13/13 MP: 4/4
   431 | D:1      | Gained mutation: You are partially covered in sharp spines. [demonic ancestry]
   431 | D:1      | Reached XP level 2. HP: 20/20 MP: 0/6
   553 | D:1      | Reached skill level 1 in Fighting
   903 | D:2      | You fall through a shaft!
  1080 | D:3      | Gained mutation: You are partially covered in yellow scales. (AC +2) [demonic ancestry]
  1080 | D:3      | Reached XP level 3. HP: 18/26 MP: 7/7
  1673 | D:2      | Learned a level 2 spell: Blink
  1677 | D:2      | Learned a level 3 spell: Conjure Flame
  1681 | D:2      | Learned a level 3 spell: Mephitic Cloud
  2369 | D:4      | Noticed a centaur
  2374 | D:4      | Slain by a centaur

Skill      XL: |  1  2 |
---------------+-------+-----
Fighting       | 1 |  1.0
Conjurations   | 2 |  2.6
Dodging        | |  1.7
Stealth        | |  1.7
Spellcasting   | |  3.6
Summonings     | |  1.0
Translocations | |  0.8

Action                   || total
-------------------------++-------
Melee: Short sword       ||    69
Throw: Tomahawk          ||     3
 Cast: Magic Dart        ||    46
       Conjure Flame     ||     1
  Use: Scroll            ||     6
  Eat: Chunk             ||     4
Armor: Robe              ||    15
Dodge: Dodged            ||    48
